 BcadrenCrawl: Boulder Brew version 0.03.2.1-103-g09b4e489ee (webtiles) character file.

Game seed: 7963672792178530459, levelgen mode: deterministic

158 funkygono the Firebug (level 5, -2/28 HPs) Gargoyle Fire Elementalist. Began on Mar 5, 2021. Slain by a sewer rat (3 damage) ... on level 2 of the Dungeon. The game lasted 00:04:41 (1157 turns).

funkygono the Firebug (Gargoyle Fire Elementalist)  Turns: 1157, Time: 00:04:41

Health: -2/28      AC:  6    Str: 12    XL:     5 ^: 92
Magic:  5/10       EV: 12    Int: 16    God:
Gold:   77         SH:  0    Dex: 10    Spells: 5/11 levels left

rFire    . . .     Vision   .   h - +0 club
rCold    . . .     Gourm    .   (no weapon)
rNeg     + . .     Faith    .   a - +0 robe
rPois    ∞         Spirit   .   (no helmet)
rElec    +         Reflect  .   (no cloak)
rCorr    .         Harm     .   (no gloves)
MR       .....                  (no boots)
Stlth    ++........             (no amulet)
HPRegen  0.19/turn              (no ring)
MPRegen  0.20/turn              (no ring)

@: about to teleport, very slightly contaminated
A: negative energy resistance 1, electricity resistance, unbreathing,
petrification resistance, rot immunity, AC +4
a: no special abilities


You were on level 2 of the Dungeon.
You were not hungry.

You visited 1 branch of the dungeon, and saw 2 of its levels.

You collected 77 gold pieces.

Inventory:

Weapons
 h - a +0 club (weapon) Shields
 i - a +0 buckler of fire resistance
Armour
 a - a +0 robe (worn)
Jewellery
 g - a cursed ring of intelligence {(Curse: *Slow)}
 l - a cursed amulet of rage {(Curse: MR-)}
Scrolls
 b - 3 scrolls of bless item
 j - a scroll of fog
Potions
 e - 2 potions of brilliance
 k - a potion of magic
Comestibles
 c - a ration
 d - a chunk of flesh


   Skills:
 + Level 1.6 Dodging
 + Level 2.2 Stealth
 - Level 0.2 Unarmed Combat
 * Level 3.5 Spellcasting
 * Level 4.8 Fire Magic


You had 5 spell levels left.
You knew the following spells:

 Your Spells              Type           Power        Failure   Level  Hunger
a - Foxfire               Fire           18 (25)      2%          1    None
b - Searing Ray           Fire           18 (50)      3%          2    ##.....
c - Inner Flame           Hex/Fire       10 (100)     21%         3    ###....

Your spell library contained the following spells:

 Spells                   Type           Power        Failure   Level  Hunger
 Conjure Flame            Fire           18 (100)     8%          3    ###....
 Sticky Flame             Fire/Pois      10 (100)     54%         4    ####...
 Fireball                 Fire           18 (200)     56%         5    ######.


Dungeon Overview and Level Annotations

Branches:
Dungeon (2/8)

Altars:


Innate Abilities, Weirdness & Mutations

You are resistant to torment.
Your stone body is resilient. (AC +4)
You are immune to poison.
You resist negative energy. (rN+)
You are resistant to electric shocks. (rElec)
You can survive without breathing.
You are immune to petrification.
You are immune to rotting.


Message History

The cinder newt bites you (0). The sewer rat misses you (0).
The sewer rat bites you but does no damage.
The cinder newt bites you (1).
* * * LOW HITPOINT WARNING * * *
The ooze barely misses you (0).
You barely miss the cinder newt. x2; The sewer rat bites you (4).
* * * LOW HITPOINT WARNING * * *
The sewer rat barely misses you (0). The sewer rat misses you (0).
The cinder newt barely misses you (0). The sewer rat barely misses you (0).
The sewer rat bites you but does no damage.
The cinder newt bites you (1).
* * * LOW HITPOINT WARNING * * *
The ooze closely misses you (0). The sewer rat closely misses you (0).
The sewer rat bites you but does no damage.
The sewer rat misses you (0).
Okay, then.
As you read the scroll of teleportation, it crumbles to dust.
You feel strangely unstable. The cinder newt misses you (0).
The sewer rat barely misses you (0). The sewer rat bites you (3).
You die...

##.......≈≈
##≈≈....#.≈≈
#...<..r≈≈≈≈
###....#.r#≈≈≈
##≈.....# r.w≈
#≈≈.....##
..≈P
#...†rw≈.##
...
##..lrJ..≈# r≈
#...r@rr..# ≈
#≈≈.rrl...#
##...r...P#
#...?...P#
#≈.......P
##.≈......#
##.......≈.
#....≈..≈;


You could see a worm, an ooze, 2 cinder newts, 8 sewer rats and a neutral
slimehead (wandering) (passive).

Vanquished Creatures
  5 giant cockroaches (D:1)
  An adder (D:2)
  4 cinder newts (D:1)
  3 oozes (D:1)
  2 dart slugs (D:1)
  5 leopard geckos (D:1)
  A ball python (D:1)
  2 goblins (D:1)
  2 hobgoblins (D:1)
  4 bats (D:1)
  4 kobolds (D:1)
  4 rats (D:1)
37 creatures vanquished.

Vanquished Creatures (others)
  90 foxfires
  3 withered plants (D:2)
93 creatures vanquished.

Grand Total: 130 creatures vanquished

Notes
Turn   | Place    | Note
-------+----------+-------------------------------------------
     0 | D:1      | funkygono the Gargoyle Fire Elementalist began the quest
                  | for the Orb.
     0 | D:1      | Reached XP level 1. HP: 10/10 MP: 3/3
    55 | D:1      | Reached XP level 2. HP: 15/15 MP: 0/5
   167 | D:1      | Reached XP level 3. HP: 19/19 MP: 0/6
   301 | D:1      | Reached skill level 4 in Fire Magic
   370 | D:1      | Reached XP level 4. HP: 23/24 MP: 4/8
   609 | D:1      | Learned a level 2 spell: Searing Ray
   613 | D:1      | Learned a level 3 spell: Inner Flame
   819 | D:1      | Reached XP level 5. HP: 28/28 MP: 8/10
  1156 | D:2      | HP: 1/28 [cinder newt (1)]
  1157 | D:2      | Slain by a sewer rat

Levels and vault maps discovered:
D:1:      wander_arrival_lonely_grave, layout_loops_ring,
          hangedman_decor_points, serial_park_tiny_1, minmay_misc_feat_encased,
          chequers_avenue, kennysheep_generic_room_5, portal_sewer_entry_f
D:2:      layout_sewer, lemuel_doored_altar, marbit_many_paths, first_ration,
          uniq_purgy, uniq_blork_the_orc

Skill      XL: |  1  2  3  4 |
---------------+-------------+-----
Fire Magic     | 4 |  4.8
Spellcasting   | 3 |  3.5
Dodging        | |  1.6
Stealth        | |  2.2
Unarmed Combat | |  0.2

Action                   |  1- 3 |  4- 6 || total
-------------------------+-------+-------++-------
Melee: Unarmed           |    13 |    15 ||    28
       Club              |       |    17 ||    17
 Cast: Foxfire           |    39 |    22 ||    61
       Searing Ray       |       |     8 ||     8
       Inner Flame       |       |     1 ||     1
  Use: Scroll            |       |     1 ||     1
  Eat: Chunk             |       |     2 ||     2
Armor: Robe              |     9 |    25 ||    34
Dodge: Dodged            |    16 |    50 ||    66
